| TOP OF THE 1ST |
|
Toronto (WIN) Blue Jays batting - Pitching for Los Angeles (WIN) Angels : RHP Allen Weaver
|
|
Pitching: RHP Allen Weaver
|
|
|
Batting: RHB Finn Ross
|
0-0: SINGLE (Groundball, 6M, EV 108.8 MPH)
|
|
Batting: RHB Darren McCarty Jr.
|
0-0: SINGLE (Groundball, 6M, EV 104.4 MPH) (infield hit) Finn Ross to second
|
|
Batting: RHB Brock Van Gilder
|
0-0: Ball 1-0: Called Strike 1-1: Ball 2-1: Ball 3-1: Base on Balls Finn Ross to third Darren McCarty Jr. to second
|
|
Batting: SHB Jack Andrews
|
0-0: Called Strike 0-1: Ball 1-1: Ball 2-1: Foul Ball, location: 2F 2-2: Foul Ball, location: 2F 2-2: Strikes out looking
|
|
Batting: RHB Scott Travis
|
0-0: Called Strike 0-1: Called Strike 0-2: Ball 1-2: Foul Ball, location: 2F 1-2: DOUBLE (Line Drive, 7LM, EV 91.9 MPH) Finn Ross scores Darren McCarty Jr. scores Brock Van Gilder to third Runner from 3rd tries for Home, SAFE, throw by LF to home
|
|
Batting: RHB Danny Heyer
|
0-0: Ball 1-0: Swinging Strike 1-1: Fly out, F8 (Flyball, 8RD, EV 101.2 MPH) Runner from 2nd tags up, OUT at 3rd! 8-5
|
| Top of the 1st over - 3 runs, 3 hits, 0 errors, 0 left on base; Toronto (WIN) 3 - Los Angeles (WIN) 0 |
| BOTTOM OF THE 1ST |
|
Los Angeles (WIN) Angels batting - Pitching for Toronto (WIN) Blue Jays : RHP Edward Saunders
|
|
Pitching: RHP Edward Saunders
|
|
|
Batting: RHB Mike Alm
|
0-0: Ball 1-0: Swinging Strike 1-1: Ball 2-1: Fly out, F4 (Line Drive, 4, EV 63.8 MPH)
|
|
Batting: LHB Barrfhionn O'Toole
|
0-0: Swinging Strike 0-1: Ball 1-1: Foul Ball, location: 2F 1-2: Foul Ball, location: 2F 1-2: Ball 2-2: Strikes out swinging
|
|
Batting: RHB Bjoern Waltersson
|
0-0: Called Strike 0-1: Foul Ball, location: 2F 0-2: Ball 1-2: Strikes out swinging
|
| Bottom of the 1st over - 0 runs, 0 hits, 0 errors, 0 left on base; Toronto (WIN) 3 - Los Angeles (WIN) 0 |
| TOP OF THE 2ND |
|
Toronto (WIN) Blue Jays batting - Pitching for Los Angeles (WIN) Angels : RHP Allen Weaver
|
|
Batting: RHB Chris Martin
|
0-0: Fly out, F8 (Flyball, 8LD, EV 81.9 MPH)
|
|
Batting: RHB Butch Koglin
|
0-0: Ball 1-0: Ball 2-0: Ball 3-0: Called Strike 3-1: Base on Balls
|
|
Batting: RHB Bryan Peterson
|
0-0: Swinging Strike 0-1: Ball 1-1: Ball 2-1: Foul Ball, location: 2F 2-2: Strikes out swinging
|
|
Batting: RHB Finn Ross
|
0-0: Called Strike 0-1: Ball 1-1: Ball 2-1: Ball 3-1: Base on Balls Butch Koglin to second
|
|
Batting: RHB Darren McCarty Jr.
|
0-0: Foul Ball, location: 2F 0-1: Called Strike 0-2: Ball 1-2: Fly out, F8 (Flyball, 8RXD, EV 86.9 MPH)
|
| Top of the 2nd over - 0 runs, 0 hits, 0 errors, 2 left on base; Toronto (WIN) 3 - Los Angeles (WIN) 0 |
| BOTTOM OF THE 2ND |
|
Los Angeles (WIN) Angels batting - Pitching for Toronto (WIN) Blue Jays : RHP Edward Saunders
|
|
Batting: RHB Andres Mendiola
|
0-0: Ball 1-0: Foul Ball, location: 2F 1-1: Ball 2-1: Fly out, F9 (Flyball, 9LSF, EV 95.0 MPH)
|
|
Batting: LHB Justin Alexander
|
0-0: Ball 1-0: SINGLE (Flyball, 34D, EV 91.2 MPH)
|
|
Batting: LHB Griffin Ferris
|
0-0: Fly out, F9 (Flyball, 9D, EV 105.6 MPH)
|
|
Batting: LHB James McCauley
|
0-0: Called Strike 0-1: Called Strike 0-2: Strikes out looking
|
| Bottom of the 2nd over - 0 runs, 1 hit, 0 errors, 1 left on base; Toronto (WIN) 3 - Los Angeles (WIN) 0 |
| TOP OF THE 3RD |
|
Toronto (WIN) Blue Jays batting - Pitching for Los Angeles (WIN) Angels : RHP Allen Weaver
|
|
Batting: RHB Brock Van Gilder
|
0-0: Ball 1-0: Ball 2-0: Swinging Strike 2-1: Ball 3-1: Ground out 1-3 (Groundball, 15S, EV 73.1 MPH)
|
|
Batting: SHB Jack Andrews
|
0-0: Ball 1-0: Ball 2-0: Called Strike 2-1: Foul Ball, location: 2F 2-2: Foul Ball, location: 2F 2-2: Ball 3-2: Foul Ball, location: 2F 3-2: Foul Ball, location: 2F 3-2: Foul Ball, location: 2F 3-2: Foul Ball, location: 2F 3-2: Strikes out swinging
|
|
Batting: RHB Scott Travis
|
0-0: Called Strike 0-1: Called Strike 0-2: Ball 1-2: Ball 2-2: Ball 3-2: Strikes out swinging
|
| Top of the 3rd over - 0 runs, 0 hits, 0 errors, 0 left on base; Toronto (WIN) 3 - Los Angeles (WIN) 0 |
| BOTTOM OF THE 3RD |
|
Los Angeles (WIN) Angels batting - Pitching for Toronto (WIN) Blue Jays : RHP Edward Saunders
|
|
Batting: RHB Timoleon Tsikouna
|
0-0: Ball 1-0: Ball 2-0: Called Strike 2-1: Ground out 4-3 (Groundball, 34D, EV 92.5 MPH)
|
|
Batting: RHB Wilford Harper
|
0-0: Ball 1-0: Ball 2-0: Ball 3-0: Called Strike 3-1: Called Strike 3-2: Ground out 6-3 (Groundball, 56, EV 90.6 MPH)
|
|
Batting: RHB Mike Alm
|
0-0: Ball 1-0: Called Strike 1-1: Foul Ball, location: 2F 1-2: Strikes out looking
|
| Bottom of the 3rd over - 0 runs, 0 hits, 0 errors, 0 left on base; Toronto (WIN) 3 - Los Angeles (WIN) 0 |
| TOP OF THE 4TH |
|
Toronto (WIN) Blue Jays batting - Pitching for Los Angeles (WIN) Angels : RHP Allen Weaver
|
|
Batting: RHB Danny Heyer
|
0-0: Called Strike 0-1: Ball 1-1: Swinging Strike 1-2: Ball 2-2: Foul Ball, location: 2F 2-2: Ball 3-2: Base on Balls
|
|
Batting: RHB Chris Martin
|
0-0: Ball 1-0: Ball 2-0: Called Strike 2-1: Foul Ball, location: 2F 2-2: Foul Ball, location: 2F 2-2: Ball 3-2: Base on Balls Danny Heyer to second
|
|
Pitching: RHP Kennie Williams
|
|
|
Batting: RHB Butch Koglin
|
0-0: Ball 1-0: Ball 2-0: Ball 3-0: Base on Balls Danny Heyer to third Chris Martin to second
|
|
Batting: RHB Bryan Peterson
|
0-0: Ball 1-0: Ball 2-0: Foul Ball, location: 2F 2-1: Foul Ball, location: 2F 2-2: Foul Ball, location: 2F 2-2: Fielders Choice at 2nd, 6-4 (Groundball, 6M, EV 86.2 MPH) Danny Heyer scores Chris Martin to third
|
|
Batting: RHB Finn Ross
|
0-0: Ball 1-0: Swinging Strike 1-1: Ball 2-1: Foul Ball, location: 2F 2-2: Strikes out swinging
|
|
Batting: RHB Darren McCarty Jr.
|
0-0: Ball 1-0: Ball 2-0: Called Strike 2-1: TRIPLE (Flyball, 89XD, EV 96.9 MPH) Chris Martin scores Bryan Peterson scores
|
|
Batting: RHB Brock Van Gilder
|
0-0: Ball 1-0: Called Strike 1-1: Swinging Strike 1-2: Foul Ball, location: 2F 1-2: Ball 2-2: Ball 3-2: Foul Ball, location: 2F 3-2: Strikes out swinging
|
| Top of the 4th over - 3 runs, 1 hit, 0 errors, 1 left on base; Toronto (WIN) 6 - Los Angeles (WIN) 0 |
| BOTTOM OF THE 4TH |
|
Los Angeles (WIN) Angels batting - Pitching for Toronto (WIN) Blue Jays : RHP Edward Saunders
|
|
Batting: LHB Barrfhionn O'Toole
|
0-0: Foul Ball, location: 2F 0-1: Ground out 6-3 (Groundball, 6D, EV 98.1 MPH)
|
|
Batting: RHB Bjoern Waltersson
|
0-0: Foul Ball, location: 2F 0-1: Ball 1-1: Called Strike 1-2: Strikes out looking
|
|
Batting: RHB Andres Mendiola
|
0-0: Ball 1-0: Ball 2-0: SOLO HOME RUN (Flyball, 7D, EV 96.9 MPH), Distance : 371 ft
|
|
Batting: LHB Justin Alexander
|
0-0: Ball 1-0: Called Strike 1-1: Called Strike 1-2: Foul Ball, location: 2F 1-2: Ball 2-2: Ball 3-2: Strikes out swinging
|
| Bottom of the 4th over - 1 run, 1 hit, 0 errors, 0 left on base; Toronto (WIN) 6 - Los Angeles (WIN) 1 |
| TOP OF THE 5TH |
|
Toronto (WIN) Blue Jays batting - Pitching for Los Angeles (WIN) Angels : RHP Kennie Williams
|
|
Batting: SHB Jack Andrews
|
0-0: Ball 1-0: Ground out 4-3 (Groundball, 4, EV 85.0 MPH)
|
|
Batting: RHB Scott Travis
|
0-0: Foul Ball, location: 2F 0-1: Swinging Strike 0-2: Strikes out swinging
|
|
Batting: RHB Danny Heyer
|
0-0: Ball 1-0: Ball 2-0: Foul Ball, location: 2F 2-1: Ball 3-1: Base on Balls
|
|
Batting: RHB Chris Martin
|
Pickoff Throw to First - Out! 1-3 CS
|
| Top of the 5th over - 0 runs, 0 hits, 0 errors, 0 left on base; Toronto (WIN) 6 - Los Angeles (WIN) 1 |
| BOTTOM OF THE 5TH |
|
Los Angeles (WIN) Angels batting - Pitching for Toronto (WIN) Blue Jays : RHP Edward Saunders
|
|
Batting: LHB Griffin Ferris
|
0-0: Foul Ball, location: 2F 0-1: Ground out 1-3 (Groundball, 23, EV 68.1 MPH)
|
|
Batting: LHB James McCauley
|
0-0: Ball 1-0: Called Strike 1-1: Ball 2-1: Ball 3-1: Called Strike 3-2: TRIPLE (Flyball, 89XD, EV 109.4 MPH)
|
|
Batting: RHB Timoleon Tsikouna
|
0-0: Ball 1-0: Called Strike 1-1: Foul Ball, location: 2F 1-2: Fly out, F8 (Flyball, 8RD, EV 83.8 MPH) Runner from 3rd tags up, SCORES, throw by CF
|
|
Batting: RHB Wilford Harper
|
0-0: Ball 1-0: Ball 2-0: Called Strike 2-1: Foul Ball, location: 2F 2-2: Foul Ball, location: 2F 2-2: Strikes out swinging
|
| Bottom of the 5th over - 1 run, 1 hit, 0 errors, 0 left on base; Toronto (WIN) 6 - Los Angeles (WIN) 2 |
| TOP OF THE 6TH |
|
Toronto (WIN) Blue Jays batting - Pitching for Los Angeles (WIN) Angels : RHP Kennie Williams
|
|
Batting: RHB Chris Martin
|
0-0: Foul Ball, location: 2F 0-1: Ball 1-1: Ball 2-1: Called Strike 2-2: Foul Ball, location: 2F 2-2: Strikes out swinging
|
|
Batting: RHB Butch Koglin
|
0-0: Ball 1-0: Ball 2-0: Ball 3-0: Called Strike 3-1: Called Strike 3-2: Foul Ball, location: 2F 3-2: Foul Ball, location: 2F 3-2: Base on Balls
|
|
Pitching: RHP Austin Maki
|
|
|
Batting: RHB Bryan Peterson
|
0-0: Swinging Strike 0-1: Foul Ball, location: 2F 0-2: Ball 1-2: SINGLE (Groundball, 56S, EV 73.8 MPH) (infield hit) Butch Koglin to second
|
|
Batting: RHB Finn Ross
|
0-0: Foul Ball, location: 2F 0-1: Foul Ball, location: 2F 0-2: Ball 1-2: Foul Ball, location: 2F 1-2: Strikes out swinging
|
|
Batting: RHB Darren McCarty Jr.
|
0-0: Ball 1-0: Fly out, F9 (Flyball, 9S, EV 85.6 MPH)
|
| Top of the 6th over - 0 runs, 1 hit, 0 errors, 2 left on base; Toronto (WIN) 6 - Los Angeles (WIN) 2 |
| BOTTOM OF THE 6TH |
|
Los Angeles (WIN) Angels batting - Pitching for Toronto (WIN) Blue Jays : RHP Edward Saunders
|
|
Batting: RHB Mike Alm
|
0-0: Called Strike 0-1: Swinging Strike 0-2: Strikes out swinging
|
|
Batting: LHB Barrfhionn O'Toole
|
0-0: Ball 1-0: Swinging Strike 1-1: Fly out, F8 (Line Drive, 8RD, EV 90.0 MPH)
|
|
Batting: RHB Bjoern Waltersson
|
0-0: Called Strike 0-1: Ball 1-1: Ball 2-1: Ball 3-1: Foul Ball, location: 2F 3-2: Base on Balls
|
|
Batting: RHB Andres Mendiola
|
0-0: Called Strike 0-1: Foul Ball, location: 2F 0-2: Ball 1-2: Foul Ball, location: 2F 1-2: Strikes out swinging
|
| Bottom of the 6th over - 0 runs, 0 hits, 0 errors, 1 left on base; Toronto (WIN) 6 - Los Angeles (WIN) 2 |
| TOP OF THE 7TH |
|
Toronto (WIN) Blue Jays batting - Pitching for Los Angeles (WIN) Angels : RHP Austin Maki
|
|
Batting: RHB Brock Van Gilder
|
0-0: Called Strike 0-1: Fly out, F4 (Popup, 4, EV 63.8 MPH)
|
|
Batting: SHB Jack Andrews
|
0-0: Called Strike 0-1: Fly out, F8 (Flyball, 8RXD, EV 83.1 MPH)
|
|
Batting: RHB Scott Travis
|
0-0: Called Strike 0-1: Ball 1-1: Foul Ball, location: 2F 1-2: Ball 2-2: Ball 3-2: Foul Ball, location: 2F 3-2: Base on Balls
|
|
Batting: RHB Danny Heyer
|
0-0: Ball 1-0: Fielders Choice at 2nd, 6-4 (Groundball, 6, EV 99.4 MPH)
|
| Top of the 7th over - 0 runs, 0 hits, 0 errors, 1 left on base; Toronto (WIN) 6 - Los Angeles (WIN) 2 |
| BOTTOM OF THE 7TH |
|
Los Angeles (WIN) Angels batting - Pitching for Toronto (WIN) Blue Jays : RHP Edward Saunders
|
|
Batting: LHB Justin Alexander
|
0-0: Ball 1-0: Called Strike 1-1: Ground out 6-3 (Groundball, 6MD, EV 105.0 MPH)
|
|
Batting: LHB Griffin Ferris
|
0-0: Ball 1-0: Ball 2-0: Called Strike 2-1: Ball 3-1: Base on Balls
|
|
Batting: LHB James McCauley
|
0-0: Ball 1-0: SINGLE (Line Drive, 89S, EV 97.5 MPH) Griffin Ferris to second Runner from 2nd tries for 3rd, SAFE, throw by RF made to third
|
|
Batting: RHB Timoleon Tsikouna
|
0-0: Grounds into double play, 1-6-3 (Groundball, 13, EV 68.1 MPH)
|
| Bottom of the 7th over - 0 runs, 1 hit, 0 errors, 1 left on base; Toronto (WIN) 6 - Los Angeles (WIN) 2 |
| TOP OF THE 8TH |
|
Toronto (WIN) Blue Jays batting - Pitching for Los Angeles (WIN) Angels : RHP Austin Maki
|
|
Batting: RHB Chris Martin
|
0-0: Ball 1-0: DOUBLE (Groundball, 5L, EV 110.0 MPH)
|
|
Batting: RHB Butch Koglin
|
0-0: Called Strike 0-1: Ball 1-1: Foul Ball, location: 2F 1-2: Strikes out looking
|
|
Batting: RHB Bryan Peterson
|
0-0: Ball 1-0: Swinging Strike 1-1: Swinging Strike 1-2: Ground out 5-3 (Groundball, 56, EV 90.6 MPH)
|
|
Batting: RHB Finn Ross
|
0-0: Called Strike 0-1: Ball 1-1: Ball 2-1: Ball 3-1: Reached on error, E4 (Groundball, 13, EV 88.8 MPH) Chris Martin scores
|
|
Pitching: RHP Jose Alvarado
|
|
|
Batting: RHB Darren McCarty Jr.
|
0-0: Ball 1-0: SINGLE (Groundball, 6MD, EV 101.9 MPH) Finn Ross to third Runner from 3rd tries for Home, SAFE, throw by CF to home
|
|
Batting: RHB Brock Van Gilder
|
0-0: Swinging Strike 0-1: Ball 1-1: Ball 2-1: Ball 3-1: Base on Balls Darren McCarty Jr. to second
|
|
Batting: SHB Jack Andrews
|
0-0: Ball 1-0: Foul Ball, location: 2F 1-1: Ball 2-1: Fly out, F5 (Popup, 56S, EV 87.5 MPH)
|
| Top of the 8th over - 2 runs, 2 hits, 1 error, 2 left on base; Toronto (WIN) 8 - Los Angeles (WIN) 2 |
| BOTTOM OF THE 8TH |
|
Los Angeles (WIN) Angels batting - Pitching for Toronto (WIN) Blue Jays : RHP Edward Saunders
|
|
Batting: RHB Wilford Harper
|
0-0: Swinging Strike 0-1: Ball 1-1: Called Strike 1-2: Foul Ball, location: 2F 1-2: Ball 2-2: Strikes out swinging
|
|
Batting: RHB Mike Alm
|
0-0: Called Strike 0-1: Ball 1-1: Foul Ball, location: 2F 1-2: Ball 2-2: Ground out U3 (Groundball, 3L, EV 78.1 MPH)
|
|
Batting: LHB Barrfhionn O'Toole
|
0-0: Swinging Strike 0-1: Ball 1-1: Ball 2-1: Ground out 6-3 (Groundball, 6, EV 83.1 MPH)
|
| Bottom of the 8th over - 0 runs, 0 hits, 0 errors, 0 left on base; Toronto (WIN) 8 - Los Angeles (WIN) 2 |
| TOP OF THE 9TH |
|
Toronto (WIN) Blue Jays batting - Pitching for Los Angeles (WIN) Angels : RHP Jose Alvarado
|
|
Batting: RHB Scott Travis
|
0-0: Ball 1-0: Ball 2-0: Called Strike 2-1: SOLO HOME RUN (Flyball, 89XD, EV 97.5 MPH), Distance : 407 ft
|
|
Batting: RHB Danny Heyer
|
0-0: Ball 1-0: SINGLE (Groundball, 6MD, EV 97.5 MPH)
|
|
Batting: RHB Chris Martin
|
0-0: Ball 1-0: Ball 2-0: Called Strike 2-1: Ball 3-1: Called Strike 3-2: Ground out 6-3 (Groundball, 6, EV 104.4 MPH) Danny Heyer to second
|
|
Batting: RHB Butch Koglin
|
0-0: Foul Ball, location: 2F 0-1: Called Strike 0-2: Ball 1-2: Foul Ball, location: 2F 1-2: Ball 2-2: Strikes out swinging
|
|
Batting: RHB Bryan Peterson
|
0-0: Ball 1-0: Called Strike 1-1: Ball 2-1: Fly out, F9 (Flyball, 9D, EV 95.0 MPH)
|
| Top of the 9th over - 1 run, 2 hits, 0 errors, 1 left on base; Toronto (WIN) 9 - Los Angeles (WIN) 2 |
| BOTTOM OF THE 9TH |
|
Los Angeles (WIN) Angels batting - Pitching for Toronto (WIN) Blue Jays : RHP Edward Saunders
|
|
Pitching: LHP Jon Sosa
|
|
|
Pinch Hitting: RHB Jon Griffin
|
0-0: Called Strike 0-1: Called Strike 0-2: Ball 1-2: Ball 2-2: Foul Ball, location: 2F 2-2: Foul Ball, location: 2F 2-2: Strikes out swinging
|
|
Batting: RHB Andres Mendiola
|
0-0: Ball 1-0: Ball 2-0: Ball 3-0: Ground out 4-3 (Groundball, 4M, EV 86.9 MPH)
|
|
Pinch Hitting: RHB Malachi Ephron
|
0-0: Ball 1-0: Ball 2-0: Foul Ball, location: 2F 2-1: Swinging Strike 2-2: Strikes out swinging
|
| Bottom of the 9th over - 0 runs, 0 hits, 0 errors, 0 left on base; Toronto (WIN) 9 - Los Angeles (WIN) 2 |
|